 Dungeon Crawl Stone Soup version 0.27.0-1-g7a089689b8 (webtiles) character file.

Game seed: 16055660185830914928

100 Kinoniko the Cutter (level 5, -1/32 HPs)
             Began as a Kobold Berserker on Aug 10, 2021.
             Was a Believer of Trog.
             Slain by a worm (9 damage)
             ... on level 3 of the Dungeon.
             The game lasted 00:02:10 (2516 turns).

Kinoniko the Cutter (Kobold Berserker)              Turns: 2516, Time: 00:02:10

Health: -1/32      AC:  6    Str: 14    XL:     5   Next: 3%
Magic:  5/5        EV: 15    Int:  9    God:    Trog [**....]
Gold:   64         SH:  0    Dex: 15    Spells: 4/4 levels left

rFire    . . .     SeeInvis .   a - +0 short sword
rCold    . . .     Faith    .   (shield restricted)
rNeg     . . .     Spirit   .   b - +0 animal skin
rPois    .         Reflect  .   (no helmet)
rElec    .         Harm     .   (no cloak)
rCorr    .         Rampage  .   (no gloves)
Will     .....                  (no boots)
Stlth    ++........             (no amulet)
HPRegen  0.10/turn              h - +4 ring of protection
MPRegen  0.09/turn              (no ring)

@: on berserk cooldown, slowed, very slow
A: small, no large weapons, nightstalker 3
a: Renounce Religion, Berserk, Trog's Hand


You were on level 3 of the Dungeon.
You worshipped Trog.
Trog was pleased with you.
You visited 1 branch of the dungeon, and saw 3 of its levels.

You collected 64 gold pieces.

Inventory:

Hand Weapons
 a - a +0 short sword (weapon)
Armour
 b - a +0 animal skin (worn)
Jewellery
 h - a +4 ring of protection (left hand)
Scrolls
 d - a scroll of holy word {unknown}
 f - 2 scrolls of identify {unknown}
 i - a scroll of enchant weapon {unknown}
 j - a scroll of fog {unknown}
Potions
 c - a potion of degeneration {unknown}
 e - a potion of curing {unknown}
 g - a potion of heal wounds {unknown}


   Skills:
 - Level 3.2 Fighting
 * Level 6.3 Short Blades
 - Level 1.5 Armour
 + Level 3.7 Dodging


You had 4 spell levels left.
You didn't know any spells.
Your spell library was empty.

Dungeon Overview and Level Annotations

Branches:
Dungeon (3/15)

Altars:
Gozag

Shops:
D:1 (


Innate Abilities, Weirdness & Mutations

You are small and have problems with some larger weapons.
You are completely attuned to the shadows.


Message History

The worm is lightly wounded.
You hit the worm.
The worm is lightly wounded.
The worm closely misses you.
You barely miss the worm.
The worm is lightly wounded.
The worm barely misses you.
You hit the worm.
The worm is lightly wounded.
You hit the worm.
The worm is lightly wounded.
The worm closely misses you.
You barely miss the worm.
The worm is lightly wounded.
The worm bites you!
* * * LOW HITPOINT WARNING * * *
You hit the worm but do no damage.
The worm is lightly wounded.
The worm misses you.
You hit the worm.
The worm is lightly wounded.
You completely miss the worm.
The worm is lightly wounded.
The worm closely misses you.
You hit the worm.
The worm is moderately wounded.
The worm bites you but does no damage.
Okay, then.
You hit the worm.
The worm is moderately wounded.
You hit the worm.
The worm is moderately wounded.
The worm misses you.
You hit the worm.
The worm is heavily wounded.
The worm barely misses you.
You hit the worm but do no damage.
The worm is moderately wounded.
The worm bites you!
You die...

.........
.♣.)♣..♣..♣
....).....♣
..........♣
....♣)...♣
♣.......♣♣
♣♣..w..♣♣
♣♣♣@♣♣♣
#######'#
#.#.....#..
#...........#
#.#.#.........
###.#.##)#..####
......##.##.#
#.........#
.##..######.#


You could see a worm.

Vanquished Creatures
  4 gnolls (D:2)
  2 dart slugs (D:1)
  An orc (D:3)
  4 endoplasms
  A giant cockroach (D:1)
  6 goblins
  4 hobgoblins
  2 jackals (D:1)
  5 kobolds
  A quokka (D:1)
  7 ball pythons
  11 bats
  2 frilled lizards
  A jackal skeleton (D:3)
  6 rats
57 creatures vanquished.

Notes
Turn   | Place    | Note
-------+----------+-------------------------------------------
     0 | D:1      | Kinoniko the Kobold Berserker began the quest for the Orb.
     0 | D:1      | Reached XP level 1. HP: 14/14 MP: 1/1
   229 | D:1      | Found Ekeu's Antique Weapon Shoppe.
   233 | D:1      | Reached XP level 2. HP: 19/19 MP: 2/2
   466 | D:1      | Reached XP level 3. HP: 16/23 MP: 3/3
   519 | D:1      | Reached skill level 5 in Short Blades
   734 | D:1      | Reached ** piety under Trog
  1524 | D:2      | Reached XP level 4. HP: 27/28 MP: 4/4
  1536 | D:2      | Reached skill level 6 in Short Blades
  1950 | D:2      | Found an opulent altar of Gozag.
  2066 | D:2      | Found a faded altar of an unknown god.
  2427 | D:3      | Reached XP level 5. HP: 28/32 MP: 5/5
  2516 | D:3      | Slain by a worm

Illustrated notes

Levels and vault maps discovered:
D:1:      lightli_arrival_flooded_house, layout_basic, serial_shops, shop,
          minmay_vboxes
D:2:      layout_basic, basic_altar, shapermc_ecumenical_altar_starsandcircs,
          roderic_serpentine_path
D:3:      layout_loops_ring, gammafunk_ghost_grave, kennysheep_generic_room_2,
          uniq_grinder

Skill      XL: |  1  2  3  4 |
---------------+-------------+-----
Dodging        | 3 |  3.7
Short Blades   | 5 6 |  6.3
Fighting       | |  3.2
Armour         | |  1.5

Action                   |  1- 3 |  4- 6 || total
-------------------------+-------+-------++-------
Melee: Short sword       |   120 |    63 ||   183
Invok: Berserk           |     1 |     1 ||     2
 Stab: Sleeping          |    12 |     6 ||    18
Armor: Animal skin       |    18 |     6 ||    24
Dodge: Dodged            |    84 |    30 ||   114
